 Dungeon Crawl Stone Soup version 0.30.0 (webtiles) character file.

Game seed: 11228673379217731236

14 pablito the Grasshopper (level 2, 0/23 HPs)
             Began as a Barachi Warper on May 5, 2023.
             Slain by an adder (4 damage)
             ... on level 1 of the Dungeon.
             The game lasted 00:03:39 (977 turns).

pablito the Grasshopper (Barachi Warper)             Turns: 977, Time: 00:03:40

Health: 0/23       AC:  3    Str: 12    XL:     2   Next: 41%
Magic:  5/5        EV: 11    Int: 13    God:
Gold:   20         SH:  0    Dex: 11    Spells: 5/5 levels left

rFire   . . .        a - +0 falchion
rCold   . . .        (no shield)
rNeg    . . .        b - +0 leather armour
rPois   .            (no helmet)
rElec   .            (no cloak)
rCorr   .            (no gloves)
SInv    .            (no boots)
Will    .....        (no amulet)
Stlth   +            (no ring)
HPRegen 0.23/turn    (no ring)
MPRegen 0.09/turn

%: no passive effects
@: unable to hop, slow
A: amphibious, slowness 1, strong legs 1, +LOS
a: Hop


You were on level 1 of the Dungeon.
You visited 1 branch of the dungeon, and saw 2 of its levels.

You collected 20 gold pieces.

Inventory:

Hand Weapons
 a - a +0 falchion (weapon)
 h - a +2 dagger of venom
Missiles
 d - 6 boomerangs of dispersal (quivered)
 k - 6 poisoned darts
Armour
 b - a +0 leather armour (worn)
 f - a +0 ring mail
Scrolls
 c - a scroll of blinking
 e - a scroll of fog {unknown}
 g - a scroll of teleportation {unknown}
 j - a scroll of noise {unknown}
Potions
 i - a potion of mutation {unknown}
 l - a potion of attraction {unknown}


   Skills:
 + Level 2.7 Fighting
 + Level 2.8 Long Blades
 - Level 1.0 Throwing
 - Level 1.2 Armour
 - Level 2.1 Dodging
 + Level 2.4 Spellcasting
 + Level 3.5 Translocations


You had 5 spell levels left.
You didn't know any spells.
Your spell library contained the following spells:

 Spells                   Type           Power      Damage    Failure   Level
 Blink                    Tloc           20%        N/A       11%         2
 Lesser Beckoning         Tloc           20%        N/A       11%         2
 Teleport Other           Tloc           10%        N/A       22%         3
 Summon Small Mammal      Summ           4%         N/A       30%         1
 Vhi's Electric Charge    Tloc/Air       12%        N/A       41%         3
 Manifold Assault         Tloc           10%        N/A       58%         4
 Summon Guardian Golem    Hex/Summ       1%         N/A       67%         3
 Tukima's Dance           Hex            1%         N/A       67%         3
 Fulminant Prism          Conj/Hex       0%         3d5       97%         4
 Dragon's Call            Summ           0%         N/A       100%        9


Dungeon Overview and Level Annotations

Branches:
Dungeon (2/15)

Altars:


Innate Abilities, Weirdness & Mutations

You are amphibious.
You cover ground slowly.
You can hop short distances.
You have an extended range of vision and can be seen from far away.


Message History

You miss the adder.
The adder is moderately wounded.
The adder bites you. x2
You closely miss the adder.
The adder is moderately wounded.
The adder bites you. The adder attacks as you move away! The adder bites you.
You are poisoned.
The adder poisons you!
You feel sick. The adder closely misses you.
You barely miss the adder.
The adder is moderately wounded.
You feel sick. The adder bites you but does no damage.
You feel sick. The adder closely misses you.
The adder attacks as you move away! The adder bites you.
You feel sick.
You feel sick.
You are no longer poisoned.
The adder barely misses you. The orc attacks as you move away!
The orc closely misses you.
There is a stone staircase leading up here.
The adder closely misses you. The orc hits you with a +0 dagger.
* * * LOW HITPOINT WARNING * * *
The adder bites you.
* * * LOW HITPOINT WARNING * * *
You climb upwards.
There is a stone staircase leading down here.
You don't know any spells.
Hop to where?
Press: ? - help, Dir - move target Boing!
Okay, then.
Throw: 7 boomerangs (disperse)
Press: ? - help, Q - select action, (/) - cycle Shift-Dir - straight line, f - orc
Aim: an orc, wielding a +0 dagger (56% to hit)
You throw a boomerang of dispersal.
The boomerang of dispersal hits the orc and shatters for extra damage!
The orc blinks!
You kill the orc!
The adder closely misses you. The adder attacks as you move away!
The adder bites you.
You die...

.#.# #.# #.#.# .#.# #.# #.#.# .#.#
### #.# #.#.#
.#.########.############.# #.#.##
..................>......# #.#...
............##.........#####.#...
.#'###########....ยง.............#
................S.....######.#..#
#...............@.....# #.#...
#.........(...........# #.#..#
#.....................# #.#.##
#.....................# #.....
..............####'##.# ###.##
..............# #.##.# #.#
..............# #.##.# #.#
..............# #.##.########.#
..............# #.##........#.#


You could see an adder.

Vanquished Creatures
  An orc (D:1)
  An endoplasm (D:1)
  2 giant cockroaches (D:1)
  2 quokkas (D:1)
  2 ball pythons (D:1)
  A bat (D:1)
  2 kobolds (D:1)
  A rat (D:2)
12 creatures vanquished.

Notes
Turn   | Place    | Note
-------+----------+-------------------------------------------
     0 | D:1      | pablito the Barachi Warper began the quest for the Orb.
     0 | D:1      | Reached XP level 1. HP: 17/17 MP: 3/3
   514 | D:1      | Got the Compilation of the Ensnaring Escort
   618 | D:1      | Reached XP level 2. HP: 23/23 MP: 5/5
   977 | D:1      | Slain by an adder

Illustrated notes

Levels and vault maps discovered:
D:1:      erik_arrival_blinker_ship, layout_basic
D:2:      layout_rooms, amcnicky_mini_pool_small

Action                     || total
---------------------------++-------
  Melee: Falchion          ||    37
  Throw: Boomerang         ||     1
Ability: Hop               ||     2
 Armour: Leather armour    ||     7
  Dodge: Dodged            ||    26
